 Dungeon Crawl Stone Soup version 0.22-b1-26-g9dbaab1 (webtiles) character file.

291 dorian the Poker (level 6, -7/44 HPs)
             Began as a Merfolk Gladiator on Aug 6, 2018.
             Killed by divine providence
             ... invoked by an orc priest
              (12 damage)
             ... on level 3 of the Dungeon.
             The game lasted 00:08:02 (4077 turns).

dorian the Poker (Merfolk Gladiator)                Turns: 4077, Time: 00:08:03

Health: -7/44      AC:  4    Str: 16    XL:     6   Next: 32%
Magic:  6/6        EV: 15    Int:  8    God:
Gold:   172        SH:  0    Dex: 15    Spells: 5/5 levels left

rFire    . . .     SeeInvis .   a - +0 trident
rCold    . . .     Gourm    .   (no shield)
rNeg     . . .     Faith    .   b - +0 leather armour
rPois    .         Spirit   .   c - +0 helmet
rElec    .         Reflect  .   (no cloak)
rCorr    .         Harm     .   (no gloves)
MR       .....                  (no boots)
Stlth    +.........             (no amulet)
HPRegen  0.14/turn              (no ring)
MPRegen  0.10/turn              (no ring)

@: very slightly contaminated, invisible
A: change form in water, swift swim, stealthy swim
a: no special abilities


You were on level 3 of the Dungeon.
You were not hungry.

You visited 1 branch of the dungeon, and saw 3 of its levels.

You collected 172 gold pieces.

Inventory:

Hand Weapons
 a - a +0 trident (weapon)
Missiles
 d - 3 throwing nets
 h - 4 tomahawks (quivered)
Armour
 b - a +0 leather armour (worn)
 c - a +0 helmet (worn)
Jewellery
 n - a -5 ring of protection
Wands
 l - a wand of flame (21)
Scrolls
 e - a scroll of remove curse
 i - 7 scrolls of identify
 j - a scroll of enchant armour {unknown}
 t - a scroll of blinking {unknown}
Potions
 k - a potion of mutation {unknown}
 m - a potion of agility
 o - a potion of degeneration {unknown}
 q - a potion of brilliance {unknown}
 r - a potion of might {unknown}
 s - a potion of flight {unknown}
Comestibles
 f - 8 rations
 p - 6 chunks of flesh


   Skills:
 - Level 2.2 Fighting
 + Level 6.8 Polearms
 + Level 4.0 Throwing
 + Level 6.1 Dodging


You had 5 spell levels left.
You didn't know any spells.
Your spell library contained the following spells:

 Spells                   Type           Power        Failure   Level  Hunger
 Magic Dart               Conj           #...         47%         1    ##.....
 Iskenderun's Mystic Bla  Conj           #.......     99%         4    #####..
 Fulminant Prism          Conj/Hex       #.........   99%         4    #####..
 Dazzling Spray           Conj/Hex       #.....       85%         3    ####...
 Force Lance              Conj/Tloc      #.......     99%         4    #####..
 Searing Ray              Conj           #.....       63%         2    ###....


Dungeon Overview and Level Annotations

Branches:
Dungeon (3/15)

Altars:
Uskayaw

Annotations:
D:3 1 runed door, Grinder


Message History

The orc priest calls down the wrath of Beogh upon you.
Beogh smites you!
* * * LOW HITPOINT WARNING * * *
The orc closely misses you.
You fade into invisibility!
The orc hits you but does no damage. The worm bites you.
* * * LOW HITPOINT WARNING * * *
An orc comes into view.
You are very lightly contaminated with residual magic.
The orc misses you. The orc hits you but does no damage.
The orc closely misses you.
The orc priest invokes the aid of Beogh against the orc.
The orc writhes in agony!
The orc dies!
There is a stone staircase leading up here.
You feel yourself speed up.
The orc priest invokes the aid of Beogh against you.
Beogh smites you!
You die...

###..........##..#.......
##.........##..#.....†.
#######.........##..........
#....###.......#............
#.................#.#.......
#....##.........w.#####.##.#
###.##...........## ### ##
########..........o..####
..........##....@.o...#.#
.........###...)........#
.............#..........#
.........#..............#
#######......###..#.....#
#+# #....#............# ♣.♣♣
#........###..###.# ♣♣.♣
#...........)...### ♣.♣♣
#....##....#.#....# ♣♣.♣


You could see a worm, an orc priest and an orc.

Vanquished Creatures
  A howler monkey (D:2)
  An orc priest (D:3)
  Jessica (D:3)
  Ijyb (D:2)
  Natasha (twice) (D:3)
  3 adders
  3 worms (D:2)
  3 dart slugs
  2 leopard geckos
  7 orcs
  3 giant cockroaches
  6 hobgoblins
  11 jackals
  6 kobolds
  2 quokkas
  8 bats
  A frilled lizard (D:1)
  5 goblins
  6 rats
72 creatures vanquished.

Vanquished Creatures (others)
  An orc (D:3)
1 creature vanquished.

Grand Total: 73 creatures vanquished

Notes
Turn   | Place    | Note
-------+----------+-------------------------------------------
     0 | D:1      | dorian the Merfolk Gladiator began the quest for the Orb.
     0 | D:1      | Reached XP level 1. HP: 16/16 MP: 1/1
   109 | D:1      | Reached XP level 2. HP: 8/22 MP: 2/2
   754 | D:2      | Noticed a howler monkey
   759 | D:2      | Reached skill level 5 in Polearms
   759 | D:2      | Reached XP level 3. HP: 21/27 MP: 3/3
  1687 | D:1      | Reached XP level 4. HP: 9/33 MP: 4/4
  1937 | D:2      | Reached skill level 5 in Dodging
  2194 | D:2      | Reached XP level 5. HP: 36/38 MP: 5/5
  2403 | D:2      | Found a hide-covered altar of Uskayaw.
  2567 | D:3      | Noticed Grinder
  2736 | D:3      | Noticed Ijyb
  2737 | D:3      | Noticed Natasha
  3543 | D:2      | Killed Ijyb
  3807 | D:3      | Killed Natasha
  3807 | D:3      | Reached XP level 6. HP: 32/44 MP: 6/6
  3903 | D:3      | Noticed Jessica
  3908 | D:3      | Killed Jessica
  3927 | D:3      | Found a runed door.
  4046 | D:3      | Noticed Natasha
  4062 | D:3      | Killed Natasha
  4064 | D:3      | HP: 2/44 [worm (1)]
  4077 | D:3      | Killed from afar by an orc priest

Skill      XL: |  1  2  3  4  5  6 |
---------------+-------------------+-----
Polearms       | 5 6 |  6.8
Dodging        | 5 6 |  6.1
Throwing       | 3 4 |  4.0
Fighting       | |  2.2

Action                   |  1- 3 |  4- 6 || total
-------------------------+-------+-------++-------
Melee: Trident           |   135 |   146 ||   281
  Use: Scroll            |       |     3 ||     3
       Potion            |       |     1 ||     1
 Stab: Sleeping          |     3 |       ||     3
  Eat: Chunk             |     2 |     8 ||    10
Armor: Leather armour    |    41 |    26 ||    67
Dodge: Dodged            |   118 |   113 ||   231
